 Dungeon Crawl Stone Soup version 0.26-a0-70-g31f1466007 (webtiles) character file.

Game seed: 6440491722039802338

5163 Gargoyl the Chopper (level 10, -5/84 HPs)
             Began as a Centaur Abyssal Knight on June 14, 2020.
             Was an Elder of Lugonu.
             Slain by a porcupine (8 damage)
             ... on level 10 of the Dungeon.
             The game lasted 00:13:54 (9632 turns).

Gargoyl the Chopper (Centaur Abyssal Knight)        Turns: 9632, Time: 00:13:55

Health: -5/84      AC: 18    Str: 16    XL:     10   Next: 33%
Magic:  15/15      EV:  0    Int: 11    God:    Lugonu [****..]
Gold:   265        SH:  0    Dex: 13    Spells: 9/9 levels left

rFire    . . .     SeeInvis .   D - +1 broad axe (drain)
rCold    . . .     Gourm    .   (no shield)
rNeg     . . .     Faith    .   d - +1 crystal plate armour
rPois    +         Spirit   .   s - +0 helmet
rElec    .         Reflect  .   (no cloak)
rCorr    .         Harm     .   b - +0 pair of gloves
MR       +....                  (no barding)
Stlth    ..........             (no amulet)
HPRegen  0.24/turn              i - ring of poison resistance
MPRegen  0.14/turn              q - ring of protection from magic

@: very quick
A: large, hooves 3, agile 1, deformed body, speed 2, tough skin 3
a: Depart the Abyss, Bend Space, Banish, Corrupt, Renounce Religion


You were on level 10 of the Dungeon.
You worshipped Lugonu.
Lugonu was greatly pleased with you.
You were not hungry.

You visited 1 branch of the dungeon, and saw 10 of its levels.
You visited the Abyss 1 time.

You collected 551 gold pieces.
You spent 286 gold pieces at shops.

Inventory:

Hand Weapons
 a - a +6 hand axe
 D - a +1 broad axe of draining (weapon)
Missiles
 x - 5 boomerangs (quivered)
Armour
 b - a +0 pair of gloves (worn)
 d - a +1 crystal plate armour (worn)
 s - a +0 helmet (worn)
Jewellery
 i - a ring of poison resistance (left hand)
 q - a ring of protection from magic (right hand)
 v - a +6 ring of intelligence {unknown}
 w - an uncursed ring of fire {unknown}
 z - an uncursed ring of fire {unknown}
 B - a +4 ring of evasion {unknown}
Wands
 k - a wand of flame (7)
 m - a wand of paralysis (14)
 o - a wand of acid (16)
 u - a wand of clouds (6)
 A - a wand of iceblast (12)
Scrolls
 g - a scroll of identify
 n - a scroll of fear
 r - 3 scrolls of remove curse
 y - a scroll of teleportation
Potions
 e - 4 potions of might
 f - a potion of ambrosia
 h - 4 potions of heal wounds
 j - 11 potions of curing
 l - a potion of stabbing
 p - 2 potions of resistance {unknown}
 t - 2 potions of brilliance {unknown}
 C - a potion of haste {unknown}
 E - a potion of mutation
Comestibles
 c - 18 rations
 F - 5 chunks of flesh


   Skills:
 + Level 6.4 Fighting
 + Level 7.0 Axes
 + Level 0.2 Throwing
 * Level 7.0 Armour
 * Level 4.4 Dodging
 * Level 6.7 Invocations
 + Level 0.4 Evocations


You had 9 spell levels left.
You didn't know any spells.
Your spell library contained the following spells:

 Spells                   Type           Power        Failure   Level  Hunger
 Confusing Touch          Hex            #.......     100%        3    ####...
 Gell's Gravitas          Tloc           #.........   100%        3    ####...
 Petrify                  Tmut/Erth      #.......     100%        4    #####..
 Metabolic Englaciation   Hex/Ice        #.........   100%        5    ######.
 Yara's Violent Unravell  Hex/Tmut       #.........   100%        5    ######.


Dungeon Overview and Level Annotations

Branches:
Dungeon (10/15)            Temple (0/1) D:4
   Lair: D:8-11         Orc: D:9-12

Altars:
Dithmenos
Elyvilon
Nemelex Xobeh
Sif Muna
Vehumet
Yredelemnul

Shops:
D:5 [(!=


Innate Abilities, Weirdness & Mutations

You have hooves in place of feet.
Armour fits poorly on your strangely shaped body.
You cover ground very quickly.
You have extremely tough skin. (AC +3)
You are agile. (Dex +2)


Message History

There is a stone staircase leading up here.
You barely miss the yak. You kick the yak, but do no damage.
The yak is moderately wounded.
The yak gores you.
* * * LOW HITPOINT WARNING * * *
Unknown command.
You barely miss the yak.
The yak is moderately wounded.
You hit the bullfrog skeleton. The bullfrog skeleton hits you.
* * * LOW HITPOINT WARNING * * *
The yak gores you.
* * * LOW HITPOINT WARNING * * *
Unknown command.
You slash the yak! You drain the yak. You kick the yak, but do no damage.
The yak is almost dead.
You are struck by the porcupine's spines.
* * * LOW HITPOINT WARNING * * *
You miss the porcupine. The yak gores you but does no damage.
The porcupine bites you!
You die...

#########
#.......#
#....@YZ♣
#...H.r..!P..
#...........P
#.......♣....
#........ .P.
#.......#. P♣
#.......#.. .
#...?...# ..


You could see a hippogriff, a yak (drained), a porcupine and a bullfrog
skeleton.

Vanquished Creatures
  Erica (D:8)
  An unseen horror (D:5)
  Maggie (D:8)
  2 trolls (D:9)
  A dream sheep (D:9)
  4 yaks
  An orc warrior (D:9)
  An eye of draining (Abyss:3)
  4 ogres
  An ice beast (D:4)
  2 phantoms
  Blork the orc (D:6)
  A bullfrog (D:8)
  8 killer bees
  2 scorpions
  An electric eel (D:9)
  3 crimson imps
  A bullfrog zombie (D:9)
  4 hounds
  2 orc priests
  A centaur skeleton (D:7)
  2 iguanas
  3 orc wizards
  6 worker ants
  A hound zombie (D:6)
  A howler monkey zombie (D:8)
  A worker ant zombie (D:6)
  9 adders
  2 shadow imps
  An ooze (D:3)
  3 adder skeletons
  A dart slug (D:1)
  2 worms
  3 leopard geckos
  21 orcs
  9 giant cockroaches
  11 hobgoblins
  5 jackals
  5 quokkas
  A ball python (D:4)
  5 bats
  5 frilled lizards
  8 goblins
  5 kobolds
  A quokka zombie (D:5)
  8 rats
162 creatures vanquished.

Vanquished Creatures (others)
  A two-headed ogre (D:7)
  2 starspawn tentacles (Abyss:3)
3 creatures vanquished.

Grand Total: 165 creatures vanquished

Notes
Turn   | Place    | Note
-------+----------+-------------------------------------------
     0 | Abyss:1  | Gargoyl the Centaur Abyssal Knight began the quest for the
                  | Orb.
     0 | Abyss:1  | Reached XP level 1. HP: 19/19 MP: 2/2
    49 | Abyss:2  | Found a burning altar of Makhleb.
    83 | Abyss:3  | Noticed an eye of draining
    92 | Abyss:3  | Killed an eye of draining
    92 | Abyss:3  | Reached XP level 2. HP: 28/28 MP: 0/3
    92 | Abyss:3  | Reached XP level 3. HP: 34/34 MP: 0/4
    92 | Abyss:3  | Reached XP level 4. HP: 41/41 MP: 0/5
   153 | Abyss:3  | Noticed a tentacled starspawn
   184 | Abyss:3  | Noticed a spatial vortex
   186 | Abyss:3  | Noticed a spatial vortex
   187 | Abyss:3  | Noticed a spatial vortex
   193 | Abyss:3  | Noticed a spatial vortex
   197 | Abyss:3  | Noticed an ancient zyme
   199 | Abyss:3  | Noticed a ynoxinul
   239 | Abyss:3  | Noticed a large abomination
   244 | Abyss:3  | Noticed a swamp dragon
   246 | D:1      | Escaped the Abyss
   644 | D:1      | Reached * piety under Lugonu
  1365 | D:2      | Found a sparkling altar of Nemelex Xobeh.
  1440 | D:2      | Reached skill level 1 in Dodging
  1544 | D:2      | Reached XP level 5. HP: 45/47 MP: 6/6
  1915 | D:2      | Found a shimmering blue altar of Sif Muna.
  1918 | D:2      | Reached ** piety under Lugonu
  1939 | D:2      | Found a basalt altar of Yredelemnul.
  1951 | D:2      | Found a shadowy altar of Dithmenos.
  2810 | D:4      | Found a staircase to the Ecumenical Temple.
  3089 | D:4      | Noticed an ice beast
  3100 | D:4      | Reached XP level 6. HP: 40/53 MP: 8/8
  3105 | D:4      | Killed an ice beast
  3559 | D:5      | Entered Level 5 of the Dungeon
  3559 | D:5      | Found Hodes's Weapon Boutique.
  3630 | D:5      | Reached XP level 7. HP: 53/60 MP: 9/9
  3815 | D:5      | Found Meory's Distillery.
  3823 | D:5      | Bought a potion of heal wounds for 65 gold pieces
  3823 | D:5      | Bought a potion of heal wounds for 65 gold pieces
  3823 | D:5      | Bought 2 potions of curing for 78 gold pieces
  3823 | D:5      | Bought a potion of curing for 39 gold pieces
  3823 | D:5      | Bought a potion of lignification for 39 gold pieces
  3911 | D:5      | Killed an unseen horror
  3911 | D:5      | Reached skill level 5 in Fighting
  3911 | D:5      | Reached XP level 8. HP: 24/68 MP: 9/11
  4201 | D:5      | Gained mutation: You have an increased reservoir of magic.
                  | (+10% MP) [potion of mutation]
  4201 | D:5      | Lost mutation: You have an increased reservoir of magic.
                  | (+10% MP) [potion of mutation]
  4201 | D:5      | Gained mutation: You are agile. (Dex +2) [potion of
                  | mutation]
  4241 | D:5      | Found Cul Veamo's Antique Armour Shoppe.
  4378 | D:5      | Found Zeic's Jewellery Boutique.
  4554 | D:5      | Found a sparkling altar of Nemelex Xobeh.
  4598 | D:6      | Reached *** piety under Lugonu
  4820 | D:6      | Noticed Blork the orc
  4833 | D:6      | Killed Blork the orc
  5228 | D:7      | Noticed a two-headed ogre
  5244 | D:7      | Banished a two-headed ogre
  5244 | D:7      | Reached skill level 5 in Axes
  5638 | D:7      | Reached skill level 5 in Armour
  5638 | D:7      | Reached skill level 5 in Invocations
  5640 | D:7      | Reached XP level 9. HP: 75/75 MP: 12/12
  6186 | D:7      | Found a sparkling altar of Nemelex Xobeh.
  6797 | D:8      | Noticed Maggie
  6812 | D:8      | Killed Maggie
  7157 | D:8      | Noticed Erica
  7169 | D:8      | Killed Erica
  7501 | D:9      | Found a white marble altar of Elyvilon.
  8348 | D:9      | Reached XP level 10. HP: 55/83 MP: 14/14
  9220 | D:9      | Reached **** piety under Lugonu
  9359 | D:9      | Found a radiant altar of Vehumet.
  9629 | D:10     | Entered Level 10 of the Dungeon
  9632 | D:10     | HP: 3/84 [porcupine's spines (12)]
  9632 | D:10     | Slain by a porcupine

Illustrated notes

Levels and vault maps discovered:
D:1:      minmay_arrival_solitary_statue, layout_loops_corners
D:2:      layout_loops_ring, grunt_temple_overflow_cloverleaf,
          minmay_misc_feat_room
D:3:      layout_loops_ring
D:4:      layout_cave_pools, minmay_temple_entry_arrows, first_ration
D:5:      lemuel_upstairs_altar, layout_basic, serial_shops, kennysheep_mini,
          shop, shop, nicolae_shop_statue_plus
D:6:      layout_rooms, uniq_blork_the_orc
D:7:      layout_basic, basic_altar
D:8:      layout_loops_ring, uniq_erica, uniq_maggie
D:9:      layout_layer_cave, elyvilon_altar_4, nicolae_overflow_hidden_temple,
          hangedman_ranch [blue_anna_fruit_fields], fountainhead
D:10:     layout_roguey, minmay_lair_entry_grove, enter_bailey_2, serial_shops,
          kennysheep_little_box, shop, grunt_tough_drop

Skill      XL: |  1  2  3  4  5  6  7  8  9 10 |
---------------+-------------------------------+-----
Fighting       | 4 5 6 |  6.4
Axes           | 2 3 4 5 6 7 |  7.0
Dodging        | 1 2 3 4 |  4.4
Armour         | 2 3 5 6 7 |  7.0
Invocations    | 3 4 5 6 |  6.7
Throwing       | |  0.2
Evocations     | |  0.4

Action                   |  1- 3 |  4- 6 |  7- 9 | 10-12 || total
-------------------------+-------+-------+-------+-------++-------
Melee: Hand axe          |     8 |   216 |   293 |    25 ||   542
       Kick              |     2 |    34 |    75 |    21 ||   132
       Broad axe         |       |       |       |    49 ||    49
Throw: Boomerang         |       |       |     3 |       ||     3
Invok: Depart the Abyss  |       |     1 |       |       ||     1
       Banish            |       |       |     1 |       ||     1
Evoke: Wand              |       |     2 |     1 |       ||     3
  Use: Scroll            |       |    10 |    10 |     2 ||    22
       Potion            |       |     1 |     3 |       ||     4
  Eat: Chunk             |       |     6 |    11 |     3 ||    20
       Ration            |       |       |     1 |       ||     1
Armor: Crystal plate arm |       |   235 |   240 |    68 ||   543
       Skin              |       |       |    42 |       ||    42
Dodge: Dodged            |       |     7 |     8 |       ||    15

Table legend:
 A = Non-vault XP
 B = Vault XP
 C = Vault XP percentage of total XP
 D = Non-vault monster count
 E = Vault monster count
 F = Vault count percentage of total count
                 A         B        C        D         E       F
            +---------+---------+-------+---------+---------+-------
      Total |    5597 |    1780 |  24.1 |     158 |       5 |   3.1
            +---------+---------+-------+---------+---------+-------
        D:1 |      39 |       0 |   0.0 |      23 |       0 |   0.0
        D:2 |      52 |       0 |   0.0 |      22 |       0 |   0.0
        D:3 |      67 |       0 |   0.0 |      21 |       0 |   0.0
        D:4 |     256 |       0 |   0.0 |      12 |       0 |   0.0
        D:5 |    1088 |       0 |   0.0 |      18 |       0 |   0.0
        D:6 |     190 |      99 |  34.3 |       9 |       1 |  10.0
        D:7 |    1160 |       0 |   0.0 |      14 |       0 |   0.0
        D:8 |     874 |    1286 |  59.5 |      20 |       2 |   9.1
        D:9 |    1871 |     268 |  12.5 |      19 |       1 |   5.0
    Abyss:3 |       0 |     127 | 100.0 |       0 |       1 | 100.0
            +---------+---------+-------+---------+---------+-------
